 Dungeon Crawl Stone Soup version 0.27.0-1-g7a089689b8 (webtiles) character file.

Game seed: 7231571097639773422

21 gilberto the Stinger (level 2, 0/15 HPs)
             Began as a Deep Elf Venom Mage on Aug 17, 2021.
             Succumbed to an adder's poison
             ... on level 2 of the Dungeon.
             The game lasted 00:20:50 (843 turns).

gilberto the Stinger (Deep Elf Venom Mage)           Turns: 843, Time: 00:20:51

Health: 0/15       AC:  2    Str:  5    XL:     2   Next: 65%
Magic:  3/8        EV: 12    Int: 19    God:
Gold:   54         SH:  0    Dex: 15    Spells: 5/8 levels left

rFire    . . .     SeeInvis .   g - +0 dagger
rCold    . . .     Faith    .   (no shield)
rNeg     . . .     Spirit   .   a - +0 robe
rPois    .         Reflect  .   (no helmet)
rElec    .         Harm     .   (no cloak)
rCorr    .         Rampage  .   (no gloves)
Will     .....                  (no boots)
Stlth    ++........             (no amulet)
HPRegen  0.05/turn              d - ring of flight
MPRegen  0.11/turn              f - ring of wizardry

@: lethally poisoned (0 -> -5), flying
A: no striking features
a: no special abilities


You were on level 2 of the Dungeon.
You visited 1 branch of the dungeon, and saw 2 of its levels.

You collected 54 gold pieces.

Inventory:

Hand Weapons
 g - a +0 dagger (weapon)
 i - a +0 long sword
 j - a +0 mace
Missiles
 b - 23 bolts
Armour
 a - a +0 robe (worn)
Jewellery
 d - a ring of flight (left hand)
 f - a ring of wizardry (right hand)
Scrolls
 h - 3 scrolls of teleportation {unknown}
Potions
 e - a potion of degeneration {unknown}
 k - a potion of lignification {unknown}


   Skills:
 * Level 0.4 Short Blades
 + Level 2.5 Dodging
 + Level 2.5 Stealth
 + Level 3.7 Spellcasting
 - Level 1.2 Transmutations
 + Level 3.7 Poison Magic


You had 5 spell levels left.
You knew the following spells:

 Your Spells              Type           Power      Damage    Failure   Level
a - Sting                 Tmut/Pois      48%        1d5       1%          1
b - Poisonous Vapours     Pois/Air       20%        N/A       4%          2

Your spell library contained the following spells:

 Spells                   Type           Power      Damage    Failure   Level
 Mephitic Cloud           Conj/Pois/Air  8%         N/A       11%         3
 Olgreb's Toxic Radiance  Pois           17%        N/A       12%         4


Dungeon Overview and Level Annotations

Branches:
Dungeon (2/15)

Altars:

Annotations:
D:2 Sigmund


Message History

The adder hisses angrily.
The adder moves out of view.
Found 26 stones.
Found a stone staircase leading up.
You see here a +0 plate armour.
You see here a +0 plate armour.
Casting: Sting (safe; 1% risk of failure)
Confirm with . or Enter, or press ? or * to list all spells.
Aiming: Poisonous Vapours (safe; 4% risk of failure)
Press: ? - help, Dir - move target, f - adder
Aim: an adder Poisonous vapours surround the adder!
The adder is poisoned.
Sigmund barely misses you.
Casting: Poisonous Vapours (safe; 4% risk of failure)
Confirm with . or Enter, or press ? or * to list all spells.
Aiming: Poisonous Vapours (safe; 4% risk of failure)
Press: ? - help, Dir - move target, f - Sigmund, p - adder
Aim: Sigmund, wielding a +0 scythe and wearing a +2 robe Poisonous vapours surround Sigmund!
Sigmund is poisoned.
Sigmund closely misses you. The adder bites you.
You are poisoned.
The adder poisons you!
You feel sick. The adder completely misses you.
You feel sick.
Sigmund mumbles some strange words.
Sigmund flickers and vanishes!
Deactivating autopickup; reactivate with Ctrl-A.
The adder bites you.
You are lethally poisoned!
The adder poisons you!
You feel sick.
* * * LOW HITPOINT WARNING * * *
You feel sick.
Unknown command.
* * * LOW HITPOINT WARNING * * *
You feel sick.
The adder looks more healthy.
The adder misses you.
* * * LOW HITPOINT WARNING * * *
You feel sick.
It was a potion of flight.
You feel more buoyant.
You die...

#........##...#
#......#...[###
#........#.###
#.......##...#
#.....†#####.#
##.#..## #.#
...#...# #.#
#..##.#.# #S##
#. #..#.# #.@#
#....##.# ##.#
..## #<# #..
...# #..# ##.#
##. ##..# .# #
#.# .# .# .# .#
.. #


You could see an adder.

Vanquished Creatures
  A dart slug (D:1)
  2 bats
  A giant cockroach (D:1)
  2 goblins (D:1)
  3 hobgoblins
  3 jackals (D:1)
  A quokka (D:1)
  3 ball pythons
  2 frilled lizards (D:1)
18 creatures vanquished.

Notes
Turn   | Place    | Note
-------+----------+-------------------------------------------
     0 | D:1      | gilberto the Deep Elf Venom Mage began the quest for the
                  | Orb.
     0 | D:1      | Reached XP level 1. HP: 10/10 MP: 6/6
   187 | D:1      | Reached XP level 2. HP: 8/15 MP: 4/8
   202 | D:1      | Learned a level 2 spell: Poisonous Vapours
   231 | D:1      | Found a faded altar of an unknown god.
   823 | D:2      | Noticed Sigmund
   843 | D:2      | Succumbed to an adder's poison

Illustrated notes

Levels and vault maps discovered:
D:1:      dpeg_arrival_rooms_c, layout_loops_ring,
          chequers_ecumenical_altar_simple, serial_bayou_lagoon_a,
          minmay_misc_feat_five, chequers_jeans, chequers_serial_rivers_room_b
D:2:      layout_rooms, serial_park_tiny_2, uniq_sigmund, uniq_robin

Action                   || total
-------------------------++-------
Melee: Dagger            ||     2
 Cast: Sting             ||    19
       Poisonous Vapours ||    13
  Use: Potion            ||     1
Armor: Robe              ||     2
Dodge: Dodged            ||    18
